[Event "Titled Tuesday Blitz March 07 Early 2023"]
[White "Harsh Suresh"]
[Black "Turzo, Attila"]
[WhiteFideId "45018464"]
[BlackFideId "704954"]
[WhiteElo "2227"]
[BlackElo "2539"]
[Result "1-0"]
[Round "04"]
[TimeControl "180+2"]
[Date "2023.03.07"]
[WhiteClock "0:00:07"]
[BlackClock "0:00:04"]

1. e4 c5 2. Nc3 Nc6 3. Bb5 Nd4 4. Bc4 g6 5. Nf3 Bg7 6. Nxd4 Bxd4 7. O-O d6 8. Ne2 Bg7 9. c3 Nf6 10. Ng3 O-O 11. d4 cxd4 12. cxd4 d5 13. exd5 Nxd5 14. Bb3 Be6 15. Re1 Qd7 16. Ne4 b6 17. Ng5 Bf5 18. Qf3 Rad8 19. h3 h6 20. g4 hxg5 21. gxf5 Qxf5 22. Qxf5 gxf5 23. Bxg5 Rfe8 24. Ba4 Rf8 25. Bxe7 Nxe7 26. Rxe7 Rxd4 27. Rxa7 Rd2 28. Bb3 Bxb2 29. Rd1 Rxd1+ 30. Bxd1 Kg7 31. Bb3 Kf6 32. Kg2 Bd4 33. Kf3 Bc5 34. a4 Bd4 35. Rc7 Bc5 36. a5 Bd4 37. a6 b5 38. Rb7 Ra8 39. Rxf7+ Kg6 40. Rd7 Bc5 41. Rc7 Bd4 42. Rd7 Bc5 43. Rd5 Be7 44. Re5 Bf6 45. Re6 b4 46. Bd5 Ra7 47. Bb7 b3 48. Rb6 b2 49. Rb5 Bd4 50. Ke2 f4 51. f3 Kf6 52. Kd3 Be5 53. Ke4 Bc3 54. Kxf4 Ke6 55. Ke4 Kd6 56. Kd3 Bf6 57. Kc2 Kc7 58. Rf5 Bd4 59. h4 Kb6 60. h5 Rxb7 61. axb7 Kxb7 62. h6 Kc6 63. h7 Kd6 64. Rf8 Ke7 65. h8=Q Bxh8 66. Rxh8 Ke6 67. Kxb2 Kf5 68. Rh4 1-0


[Site "https://www.chess.com"]

[Event "Titled Tuesday Blitz March 07 Early 2023"]
[White "Hayrapetyan, Hovik"]
[Black "Olenik Campa, Rudi"]
[WhiteFideId "13302639"]
[BlackFideId "14633264"]
[WhiteElo "2348"]
[BlackElo "2249"]
[Result "1-0"]
[Round "04"]
[TimeControl "180+2"]
[Date "2023.03.07"]
[WhiteClock "0:00:06"]
[BlackClock "0:00:36"]

1. d4 Nf6 2. c3 g6 3. g3 Bg7 4. Bg2 d5 5. h4 h5 6. Nh3 Bf5 7. Ng5 Nbd7 8. Qb3 Nb6 9. Nd2 c6 10. e4 Bg4 11. e5 Nh7 12. Nxh7 Rxh7 13. Nf3 Bxf3 14. Bxf3 e6 15. a4 a5 16. Bg5 Qc7 17. g4 hxg4 18. Bxg4 Bh6 19. O-O-O Kd7 20. Qa3 Bxg5+ 21. hxg5 Rah8 22. Rxh7 Rxh7 23. Qf8 Qd8 24. Qd6+ Kc8 25. Bxe6+ fxe6 26. Qxe6+ Kb8 27. Qxg6 Rh2 28. Qf6 Qe8 29. e6 Nc4 30. Qf4+ Ka7 31. Qxh2 Qxe6 32. f4 Qe3+ 33. Kb1 Qe4+ 34. Ka2 b5 35. axb5 cxb5 36. f5 Kb6 37. Qb8+ Kc6 38. Qc8+ Kb6 39. Qc5+ Ka6 40. Qc6+ Nb6 41. f6 Qc2 42. Rf1 Qa4+ 43. Kb1 Qc4 44. Qxc4 1-0


[Site "https://www.chess.com"]

[Event "Titled Tuesday Blitz March 07 Early 2023"]
[White "Zarnicki, Pablo"]
[Black "Santos Ruiz, Miguel"]
[WhiteFideId "100137"]
[BlackFideId "22291482"]
[WhiteElo "2468"]
[BlackElo "2504"]
[Result "0-1"]
[Round "04"]
[TimeControl "180+2"]
[Date "2023.03.07"]
[WhiteClock "0:02:43"]
[BlackClock "0:02:49"]

1. e4 c5 2. Nf3 Qc7 3. Nc3 e6 4. g3 a6 5. Bg2 b5 6. O-O Bb7 7. a4 b4 8. Ne2 Bxe4 9. d4 Nf6 10. Bf4 Qb7 11. Be5 Bxf3 12. Bxf6 Bxg2 0-1


[Site "https://www.chess.com"]

[Event "Titled Tuesday Blitz March 07 Early 2023"]
[White "polandchessplayer"]
[Black "Sharapov, Evgeny"]
[BlackFideId "14103133"]
[WhiteElo "2777"]
[BlackElo "2367"]
[Result "1/2-1/2"]
[Round "04"]
[TimeControl "180+2"]
[Date "2023.03.07"]
[WhiteClock "0:00:14"]
[BlackClock "0:00:07"]

1. c4 c5 2. Nc3 Nc6 3. g3 g6 4. Bg2 Bg7 5. e4 e6 6. Nge2 Nge7 7. O-O O-O 8. d3 d6 9. Be3 Nd4 10. Qd2 Rb8 11. f4 a6 12. a4 Bd7 13. Rab1 b5 14. axb5 axb5 15. cxb5 Nxb5 16. e5 Nf5 17. Bf2 dxe5 18. Bxc5 Re8 19. fxe5 Bxe5 20. d4 Bg7 21. d5 Qc7 22. Bf2 Nxc3 23. Nxc3 h5 24. Kh1 Rec8 25. dxe6 Bxe6 26. Nd5 Qc2 27. Qf4 Rxb2 28. Rbc1 Qb3 29. Rxc8+ Bxc8 30. Ne3 Rxf2 31. Qxf2 Qxe3 32. Qc2 Be6 33. Qd1 h4 34. g4 Nd4 35. Re1 Qf4 36. Re4 Qf2 37. h3 Qg3 38. Rxd4 Be5 39. Rd8+ Kh7 40. Kg1 Qe3+ 41. Kh1 Qf4 42. Kg1 Qh2+ 43. Kf2 Qf4+ 44. Kg1 Qe3+ 45. Kh1 Qg3 46. Kg1 Qh2+ 47. Kf2 Bg3+ 48. Kf3 Bc7 49. Kf2 Bxd8 50. Qxd8 Qg3+ 51. Kg1 Qe3+ 52. Kh2 Qe5+ 53. Kh1 Kg7 54. Qxh4 Qf6 55. Qg3 g5 56. Kh2 Qd4 57. Kh1 f6 58. Qc7+ Kh6 59. Qc2 Qe5 60. Qf2 Qa1+ 61. Kh2 Qe5+ 62. Kg1 Qa1+ 63. Bf1 Bc4 64. Qf3 Qxf1+ 65. Qxf1 Bxf1 66. Kxf1 Kg6 67. Ke2 f5 68. gxf5+ Kxf5 69. Kf3 Kf6 70. Kg4 Kg6 71. h4 gxh4 72. Kxh4 1/2-1/2


[Site "https://www.chess.com"]

[Event "Titled Tuesday Blitz March 07 Early 2023"]
[White "Fier, Alexandr"]
[Black "Sztokbant, Bernardo Vainzoff"]
[WhiteFideId "2107139"]
[BlackFideId "2115956"]
[WhiteElo "2610"]
[BlackElo "2222"]
[Result "1-0"]
[Round "04"]
[TimeControl "180+2"]
[Date "2023.03.07"]
[WhiteClock "0:02:19"]
[BlackClock "0:02:30"]

1. e4 c5 2. b4 cxb4 3. a3 d5 4. exd5 Nf6 5. axb4 Nxd5 6. b5 g6 7. Nf3 Bg7 8. d4 O-O 9. Be2 Nd7 10. O-O e5 11. c4 exd4 12. Nxd4 Ne7 13. Ra3 Nc5 14. Be3 Qc7 15. b6 Qxb6 16. Nb3 1-0


[Site "https://www.chess.com"]

[Event "Titled Tuesday Blitz March 07 Early 2023"]
[White "Mahdavi, Reza"]
[Black "Garakov, Mikhael"]
[WhiteFideId "12595926"]
[BlackFideId "4169034"]
[WhiteElo "2208"]
[BlackElo "2347"]
[Result "0-1"]
[Round "04"]
[TimeControl "180+2"]
[Date "2023.03.07"]
[WhiteClock "0:01:06"]
[BlackClock "0:00:20"]

1. Nf3 c5 2. c4 Nf6 3. g3 b6 4. Bg2 Bb7 5. O-O e6 6. Nc3 Be7 7. Re1 d6 8. e4 a6 9. d4 cxd4 10. Nxd4 Qc7 11. b3 O-O 12. Bb2 Nc6 13. Rc1 Nxd4 14. Qxd4 Rac8 15. Na4 Bd8 16. Ba3 Ne8 17. Red1 Bc6 18. Nc3 Bf6 19. Qd2 Qb7 20. Re1 Be7 21. f4 b5 22. cxb5 axb5 23. Kh1 b4 24. Nd5 bxa3 25. Nxe7+ Qxe7 26. Qb4 Qa7 27. Rc2 Nf6 28. Rec1 Qb7 29. Qxb7 Bxb7 30. Kg1 Rxc2 31. Rxc2 Bxe4 32. Bxe4 Nxe4 33. Rc4 d5 34. Ra4 Rc8 35. Rxa3 h5 36. b4 Rc2 37. Rb3 Rxa2 38. b5 Ra7 39. b6 Rb7 40. Kg2 Nd6 0-1


[Site "https://www.chess.com"]

[Event "Titled Tuesday Blitz March 07 Early 2023"]
[White "Pulpan, Jakub"]
[Black "Kokoszczynski, Jan"]
[WhiteFideId "302759"]
[BlackFideId "1174460"]
[WhiteElo "2484"]
[BlackElo "2139"]
[Result "1-0"]
[Round "04"]
[TimeControl "180+2"]
[Date "2023.03.07"]
[WhiteClock "0:00:21"]
[BlackClock "0:00:01"]

1. c4 c6 2. Nf3 d5 3. e3 g6 4. Qe2 Bg7 5. g3 Nf6 6. Bg2 O-O 7. O-O Be6 8. d4 Ne4 9. Nfd2 Nxd2 10. Nxd2 Nd7 11. cxd5 cxd5 12. a4 Rc8 13. b3 Nb8 14. Ba3 h5 15. h4 a6 16. Rfc1 Nc6 17. b4 Bg4 18. Qd3 Re8 19. b5 axb5 20. Qxb5 e5 21. Qxb7 Na5 22. Rxc8 Bxc8 23. Qxd5 exd4 24. exd4 Bxd4 25. Rd1 Bb7 26. Qxd8 Rxd8 27. Bxb7 Nxb7 28. Ne4 f5 29. Be7 Rc8 30. Rxd4 fxe4 31. Rd7 Na5 32. Bf6 Rc1+ 33. Kg2 Rc2 34. Rg7+ Kf8 35. Rxg6 e3 36. Bd4 e2 37. Re6 Nb3 38. Bb6 Nc1 39. Ba5 Nd3 40. Kf3 e1=Q 41. Bxe1 Nxe1+ 42. Rxe1 Rc3+ 43. Re3 1-0


[Site "https://www.chess.com"]

[Event "Titled Tuesday Blitz March 07 Early 2023"]
[White "Decuigniere, Tom"]
[Black "Cherniaiev, Tykhon"]
[WhiteFideId "26093820"]
[BlackFideId "14182360"]
[WhiteElo "2312"]
[BlackElo "2450"]
[Result "1-0"]
[Round "04"]
[TimeControl "180+2"]
[Date "2023.03.07"]
[WhiteClock "0:00:04"]
[BlackClock "0:00:02"]

1. c4 Nf6 2. Nc3 e5 3. g3 Nc6 4. Bg2 Bb4 5. Nd5 Bc5 6. e3 d6 7. Ne2 O-O 8. O-O Bg4 9. h3 Bxe2 10. Qxe2 Nxd5 11. cxd5 Ne7 12. d4 exd4 13. exd4 Bxd4 14. Bg5 f6 15. Qe6+ Kh8 16. Be3 Bxe3 17. Qxe3 Ng6 18. Rac1 Qd7 19. Qc3 Rac8 20. Qa5 a6 21. Rc3 Rf7 22. Rfc1 Re7 23. Qb4 b6 24. Qc4 a5 25. Qd4 Nf8 26. Bf3 Qd8 27. Bg4 Nd7 28. a3 Qf8 29. Be6 Nc5 30. Bxc8 Qxc8 31. b4 axb4 32. axb4 Na4 33. Rc6 h6 34. Qf4 Nb2 35. Qxd6 Qe8 36. Rxc7 Re1+ 37. Rxe1 Qxe1+ 38. Kg2 Qe4+ 39. Kh2 Qg6 40. Qe6 Nd3 41. Rc8+ Kh7 42. Qg8# 1-0


[Site "https://www.chess.com"]

[Event "Titled Tuesday Blitz March 07 Early 2023"]
[White "Rozman, Levy"]
[Black "Sokac, Marko"]
[WhiteFideId "2039877"]
[BlackFideId "14531356"]
[WhiteElo "2376"]
[BlackElo "2355"]
[Result "0-1"]
[Round "04"]
[TimeControl "180+2"]
[Date "2023.03.07"]
[WhiteClock "0:00:21"]
[BlackClock "0:00:09"]

1. e4 d6 2. d4 Nf6 3. Nc3 c6 4. h3 Nbd7 5. g4 h6 6. Bg2 e5 7. Nge2 b5 8. Ng3 b4 9. Nce2 g6 10. O-O Ba6 11. f4 Be7 12. Be3 Qc7 13. Rf2 c5 14. d5 h5 15. g5 exf4 16. Bxf4 Nh7 17. h4 f6 18. Qd2 fxg5 19. Bxg5 Nxg5 20. hxg5 h4 21. Nf1 h3 22. Bf3 Ne5 23. Nh2 Qd8 24. Kh1 Bxg5 25. Qd1 Be3 26. Rf1 Qh4 27. c4 O-O 28. b3 Nxf3 29. Nxf3 Qxe4 30. Ng3 Qg4 31. Kh2 Bf4 32. Rg1 Rae8 33. Qc2 Kh7 34. Raf1 Re3 35. Qd1 Bc8 36. Kh1 Bxg3 37. Ng5+ Qxg5 38. Rxf8 Bf5 0-1


[Site "https://www.chess.com"]

[Event "Titled Tuesday Blitz March 07 Early 2023"]
[White "Arencibia Monduy, Antonio"]
[Black "Lortkipanidze, Nodar"]
[WhiteFideId "3507939"]
[BlackFideId "13604058"]
[WhiteElo "2519"]
[BlackElo "2336"]
[Result "0-1"]
[Round "04"]
[TimeControl "180+2"]
[Date "2023.03.07"]
[WhiteClock "0:00:03"]
[BlackClock "0:00:22"]

1. e4 c5 2. Nf3 d6 3. c3 Nf6 4. Be2 Nc6 5. d4 cxd4 6. cxd4 d5 7. e5 Ne4 8. O-O Qb6 9. Nc3 Nxc3 10. bxc3 Bf5 11. Ba3 e6 12. Bxf8 Kxf8 13. Bd3 Ne7 14. Rb1 Qc7 15. Bxf5 Nxf5 16. Qb3 b6 17. Rfc1 Rc8 18. Nd2 h5 19. c4 Nxd4 20. Qd3 Qxe5 21. Re1 Qf6 22. cxd5 exd5 23. Qa3+ Kg8 24. Qxa7 Rc6 25. Nb3 Nb5 26. Qa6 Nc3 27. Rbc1 g6 28. Qd3 Rc4 29. Nd2 Rc8 30. Nf3 Kg7 31. a3 Rhd8 32. Nd4 Ne4 33. f3 Nc5 34. Qd2 Re8 35. Rxe8 Rxe8 36. Rd1 h4 37. h3 Re5 38. Rb1 Re7 39. Rd1 Ra7 40. Qb2 Ra4 41. Qd2 Rxa3 42. Nb5 Rd3 43. Qc2 Qf5 44. Rxd3 Qxd3 45. Qb2+ Kg8 46. Nd6 Ne6 47. Qf6 Qd4+ 48. Qxd4 Nxd4 49. Kf2 Ne6 50. Nc8 b5 51. Ke3 b4 52. Kd3 b3 53. Kc3 Nf4 54. Ne7+ Kf8 55. Kxb3 Kxe7 0-1


[Site "https://www.chess.com"]

[Event "Titled Tuesday Blitz March 07 Early 2023"]
[White "Lehtosaari, Mauri"]
[Black "Mirzoev, Azer"]
[WhiteFideId "501999"]
[BlackFideId "13400304"]
[WhiteElo "2518"]
[BlackElo "2525"]
[Result "0-1"]
[Round "04"]
[TimeControl "180+2"]
[Date "2023.03.07"]
[WhiteClock "0:00:13"]
[BlackClock "0:00:27"]

1. d4 d5 2. Nf3 Nf6 3. Bg5 c6 4. Nbd2 Ne4 5. Bf4 Qb6 6. Rb1 Nxd2 7. Qxd2 Nd7 8. e3 Nf6 9. Bd3 Ne4 10. Bxe4 dxe4 11. Ne5 Be6 12. h3 Bxa2 13. Ra1 Be6 14. O-O f6 15. Ng4 g5 16. Bg3 h5 17. Bh2 hxg4 18. hxg4 Bxg4 19. c4 e6 20. f3 exf3 21. gxf3 Bh3 22. Rfc1 Bb4 23. Qd3 Kf7 24. c5 Qd8 25. Bd6 a5 26. Rc2 Qg8 27. Rh2 g4 28. f4 g3 29. Rc2 Qh7 30. e4 Bg4 31. Qxg3 Qh1+ 32. Kf2 Qxa1 33. f5 Rag8 34. fxe6+ 0-1


[Site "https://www.chess.com"]

[Event "Titled Tuesday Blitz March 07 Early 2023"]
[White "Santos Flores, Alberto"]
[Black "Fernandez Guillen, Ernesto J."]
[WhiteFideId "3601234"]
[BlackFideId "3512428"]
[WhiteElo "2235"]
[BlackElo "2423"]
[Result "1/2-1/2"]
[Round "04"]
[TimeControl "180+2"]
[Date "2023.03.07"]
[WhiteClock "0:00:11"]
[BlackClock "0:00:17"]

1. e4 e5 2. Nf3 Nc6 3. Bc4 g6 4. d3 Bg7 5. Ng5 Nh6 6. O-O Na5 7. Bb3 Nxb3 8. axb3 O-O 9. Nc3 d6 10. f4 f5 11. fxe5 dxe5 12. exf5 gxf5 13. Qh5 c6 14. Rf3 Qe8 15. Qxe8 Rxe8 16. Bd2 Nf7 17. Nxf7 Kxf7 18. g4 f4 19. h3 h5 20. gxh5 Bf6 21. Ne4 Rg8+ 22. Kh2 Be7 23. Bc3 Ke6 24. Re1 Bh4 25. Nf2 Bg3+ 26. Kh1 Rg5 27. Ne4 Bxe1 28. Nxg5+ Kf5 29. Bxe1 Kxg5 30. Bc3 Be6 31. Kh2 Bd5 32. Rf1 Re8 33. Re1 e4 34. dxe4 Rxe4 35. Rxe4 Bxe4 36. Bd2 Bxc2 37. h6 Be4 38. b4 b6 39. Kg1 c5 40. bxc5 bxc5 41. Kf2 c4 42. h4+ Kg4 43. Bc1 a5 44. Bd2 a4 45. Bc1 Bg6 46. Bd2 Kf5 47. h5 Bh7 48. Kf3 Bg8 49. Bxf4 Bh7 50. Bd2 Ke5 51. Bc3+ Ke6 52. Kf4 Bb1 53. Ke3 Kd5 54. Kf4 Ke6 55. Kg5 Bh7 56. Bg7 Bd3 57. h7 Bxh7 58. Kh6 Bd3 59. Bc3 Kf7 60. Kg5 Bb1 61. Kf4 Bd3 62. Ke5 Kg8 63. h6 Kh7 64. Kd4 Kxh6 65. Kc5 a3 66. Kb4 a2 67. b3 cxb3 68. Kxb3 Bb1 69. Kb2 Kg5 70. Ka1 Kf4 71. Bb2 Ke4 72. Bh8 Kd3 73. Bb2 Kc2 74. Bh8 Kb3 75. Bb2 Bd3 76. Bh8 Bc4 77. Bb2 Bd3 78. Bh8 Bc4 79. Bb2 Bd3 1/2-1/2


[Site "https://www.chess.com"]

[Event "Titled Tuesday Blitz March 07 Early 2023"]
[White "Osmak, Yuliia"]
[Black "Bolourchifard, Farzad"]
[WhiteFideId "14101602"]
[BlackFideId "12510084"]
[WhiteElo "2271"]
[BlackElo "2317"]
[Result "0-1"]
[Round "04"]
[TimeControl "180+2"]
[Date "2023.03.07"]
[WhiteClock "0:00:12"]
[BlackClock "0:00:24"]

1. d4 Nf6 2. Bf4 e6 3. e3 c5 4. c3 b6 5. Bd3 Be7 6. Nf3 O-O 7. h3 Ba6 8. O-O Bxd3 9. Qxd3 d5 10. Nbd2 Nc6 11. Ne5 Nxe5 12. Bxe5 Nd7 13. Bg3 Bf6 14. a4 Re8 15. Nf3 Qc8 16. a5 c4 17. Qc2 bxa5 18. Rxa5 Bd8 19. Ra2 Bc7 20. Bxc7 Qxc7 21. Rfa1 Reb8 22. e4 Nf6 23. exd5 exd5 24. Ne5 Rb7 25. Ra6 Rb6 26. R1a2 Qb7 27. R6a5 h6 28. f3 a6 29. Ng4 Nh5 30. Qf5 g6 31. Qxd5 Qxd5 32. Rxd5 Rab8 33. Nxh6+ Kg7 34. Ng4 Rxb2 35. Rxb2 Rxb2 36. Ne3 Nf4 37. Re5 f6 38. Re7+ Kf8 39. Re4 Ne2+ 40. Kh2 Nxc3 41. Re6 Kf7 0-1


[Site "https://www.chess.com"]

[Event "Titled Tuesday Blitz March 07 Early 2023"]
[White "Wagner, Dennis"]
[Black "Baches Garcia, Guillermo"]
[WhiteFideId "24650684"]
[BlackFideId "2209764"]
[WhiteElo "2470"]
[BlackElo "2515"]
[Result "1-0"]
[Round "04"]
[TimeControl "180+2"]
[Date "2023.03.07"]
[WhiteClock "0:00:50"]
[BlackClock "0:00:01"]

1. Nf3 d5 2. e3 Nf6 3. c4 e6 4. Nc3 c5 5. cxd5 Nxd5 6. b3 Nxc3 7. dxc3 Qxd1+ 8. Kxd1 Nc6 9. Kc2 Be7 10. e4 e5 11. Bb5 f6 12. Bxc6+ bxc6 13. Be3 c4 14. bxc4 Be6 15. Nd2 Kf7 16. Rab1 Rhb8 17. a4 f5 18. f3 g5 19. a5 f4 20. Rxb8 Rxb8 21. Bxa7 Ra8 22. Bb6 Ke8 23. Ra1 Bc8 24. c5 Ba6 25. Kb3 Kd7 26. Nc4 Ke6 27. Rd1 h5 28. h3 g4 29. hxg4 hxg4 30. Nd6 gxf3 31. gxf3 Rg8 32. Rh1 Rg3 33. Rh6+ Kd7 34. Nf5 Bg5 35. Rd6+ Ke8 36. Rxc6 Rxf3 37. Rg6 Bd3 38. Rxg5 Bxe4 39. Nd6+ 1-0


[Site "https://www.chess.com"]

[Event "Titled Tuesday Blitz March 07 Early 2023"]
[White "Estrada Nieto, Julian"]
[Black "Klabis, Rokas"]
[WhiteFideId "5101018"]
[BlackFideId "12805246"]
[WhiteElo "2176"]
[BlackElo "2288"]
[Result "0-1"]
[Round "04"]
[TimeControl "180+2"]
[Date "2023.03.07"]
[WhiteClock "0:00:01"]
[BlackClock "0:00:42"]

1. e4 e5 2. Nf3 Nc6 3. Bb5 Nge7 4. Nc3 a6 5. Ba4 g6 6. d4 exd4 7. Nd5 Bg7 8. Bg5 h6 9. Bf6 Bxf6 10. Nxf6+ Kf8 11. Nxd4 Kg7 12. Qd2 Ng8 13. Nd5 Nce7 14. Qc3 Kh7 15. Qxc7 Qe8 16. O-O-O Nxd5 17. exd5 b5 18. Rhe1 Qf8 19. Bb3 Nf6 20. Qe5 Qg7 21. d6 Bb7 22. f3 Rac8 23. g4 Rhe8 24. Qg3 Rxe1 25. Qxe1 Nd5 26. Bxd5 Bxd5 27. Kb1 Be6 28. Nxe6 fxe6 29. Qe4 Rc5 30. a3 a5 31. f4 Qf7 32. Qd4 Rc4 33. Qa7 b4 34. Qxa5 bxa3 35. Qxa3 Rxf4 36. h3 Qe8 37. Qe3 g5 38. Qd3+ Kg7 39. Rf1 Qf7 40. Rxf4 Qxf4 41. Qc3+ e5 42. Qc7 Qf1+ 43. Ka2 Qa6+ 44. Kb1 Qf1+ 45. Ka2 Qf7+ 46. b3 e4 47. Qc5 Qe6 48. Qd4+ Kg6 49. Qe3 Kf6 50. c4 Ke5 51. Kb2 Qxd6 52. Qc3+ Qd4 0-1


[Site "https://www.chess.com"]

[Event "Titled Tuesday Blitz March 07 Early 2023"]
[White "Berthier, Hugo"]
[Black "Goltsev, Dmitry"]
[WhiteFideId "655864"]
[BlackFideId "24176710"]
[WhiteElo "2193"]
[BlackElo "2336"]
[Result "0-1"]
[Round "04"]
[TimeControl "180+2"]
[Date "2023.03.07"]
[WhiteClock "0:00:08"]
[BlackClock "0:01:13"]

1. d4 Nf6 2. Bf4 e6 3. e3 d5 4. c3 Bd6 5. Bg3 O-O 6. Nd2 Ne4 7. Nxe4 dxe4 8. Ne2 f5 9. Qb3 Kh8 10. Nf4 Qe7 11. Bc4 Re8 12. O-O-O Nc6 13. Qc2 Bd7 14. f3 exf3 15. gxf3 e5 16. Nd5 Qd8 17. Rhg1 e4 18. fxe4 fxe4 19. Bxd6 cxd6 20. Qg2 g6 21. Rdf1 Rf8 22. Qxe4 Bf5 23. Qg2 Rc8 24. Bb3 Qh4 25. Nf4 Rfe8 26. Qg3 Qe7 27. Bc2 Bxc2 28. Kxc2 Qe4+ 29. Kc1 Nb4 30. Rg2 Nxa2+ 31. Kd2 Nb4 32. Kc1 b5 33. Qg5 Qxe3+ 34. Kb1 Qe1+ 35. Rxe1 Rxe1# 0-1


[Site "https://www.chess.com"]

[Event "Titled Tuesday Blitz March 07 Early 2023"]
[White "Korchmar, Vasiliy"]
[Black "Orzech, Dominik"]
[WhiteFideId "24131750"]
[BlackFideId "1115065"]
[WhiteElo "2370"]
[BlackElo "2260"]
[Result "1-0"]
[Round "04"]
[TimeControl "180+2"]
[Date "2023.03.07"]
[WhiteClock "0:00:13"]
[BlackClock "0:01:08"]

1. e4 c6 2. d4 d5 3. e5 c5 4. dxc5 e6 5. Bd3 Qc7 6. Nf3 Nc6 7. O-O Bxc5 8. Re1 Nge7 9. a3 Ng6 10. b4 Be7 11. Bb2 a6 12. Nbd2 O-O 13. c4 dxc4 14. Nxc4 b5 15. Nd6 Bxd6 16. exd6 Qxd6 17. Be4 Qxd1 18. Rexd1 Nge7 19. Ne5 Bb7 20. Nd7 Rfd8 21. Nc5 Rxd1+ 22. Rxd1 Rb8 23. Rd7 Ba8 24. Nxa6 Rc8 25. Nc7 f5 26. Bf3 e5 27. Nxa8 Rxa8 28. Rxe7 e4 29. Rxg7+ Kf8 30. Bh5 Nd8 31. Rxh7 Ra6 32. g3 Rc6 33. Be5 Rc2 34. Kg2 Rc6 35. Rh8+ Ke7 36. Bf4 Ne6 37. Be3 Rc3 38. Rb8 Nc7 39. Rb7 Kd8 40. Bb6 Rc6 41. Bxc7+ Rxc7 42. Rxc7 Kxc7 43. Kf1 Kc6 44. Ke2 Kd5 45. Bf7+ Kd4 46. h4 Kc3 47. Be8 Kb2 48. Bxb5 Kxa3 49. Bd7 Kxb4 50. Bxf5 Kc5 51. Ke3 Kd5 52. Bxe4+ Ke5 53. h5 Kf6 54. h6 Kf7 55. h7 Kg7 56. Kd4 Kh8 57. Ke5 Kg7 58. Ke6 Kh8 59. Ke7 Kg7 60. f4 Kh8 61. f5 Kg7 62. f6+ Kh8 63. f7 1-0


[Site "https://www.chess.com"]

[Event "Titled Tuesday Blitz March 07 Early 2023"]
[White "Aldokhin, Ivan"]
[Black "Ronka, Erik"]
[WhiteFideId "24115720"]
[BlackFideId "505080"]
[WhiteElo "2322"]
[BlackElo "2264"]
[Result "1-0"]
[Round "04"]
[TimeControl "180+2"]
[Date "2023.03.07"]
[WhiteClock "0:00:07"]
[BlackClock "0:00:01"]

1. e4 c5 2. Nf3 d6 3. d4 cxd4 4. Nxd4 Nf6 5. Nc3 e6 6. g4 h6 7. Be3 Nc6 8. Nb3 d5 9. exd5 exd5 10. h3 Bb4 11. Bg2 O-O 12. O-O Be6 13. Nd4 Bxc3 14. bxc3 Rc8 15. c4 Nxd4 16. Qxd4 Rxc4 17. Qxa7 Rxc2 18. Qxb7 d4 19. Rfd1 Rxa2 20. Rxa2 Bxa2 21. Rxd4 Qc8 22. Qb2 Be6 23. Rd1 Qc4 24. Bxh6 Re8 25. Rd4 Qc7 26. Bf4 Qe7 27. Bd6 Qa7 28. Be5 Nd7 29. Bxg7 Rb8 30. Qc3 Rb3 31. Qd2 Kxg7 32. Qg5+ Kf8 33. Rf4 Qc5 34. Qh6+ Ke7 35. Qh8 Rb1+ 36. Kh2 Qe5 37. Qxe5 Nxe5 38. Re4 f6 39. Kg3 Bd5 40. Rxe5+ fxe5 41. Bxd5 Rd1 42. Be4 Kf6 43. h4 Rd4 44. f3 Ra4 45. g5+ Ke6 46. Kg4 Ra1 47. g6 Kf6 48. Kh5 Rg1 49. Kh6 Rg2 50. h5 Rg3 51. Kh7 Rh3 52. h6 Rg3 53. g7 Kf7 54. Bd5+ Kf6 55. g8=Q Rxg8 56. Kxg8 e4 57. Bxe4 Ke5 58. h7 Kf4 59. h8=Q Ke3 60. Qe5 Kf2 61. f4 Kg1 62. f5 1-0


[Site "https://www.chess.com"]

[Event "Titled Tuesday Blitz March 07 Early 2023"]
[White "Mortazavi, Ali"]
[Black "De Silva, L M S T"]
[WhiteFideId "401323"]
[BlackFideId "9953698"]
[WhiteElo "2339"]
[BlackElo "2403"]
[Result "0-1"]
[Round "04"]
[TimeControl "180+2"]
[Date "2023.03.07"]
[WhiteClock "0:00:05"]
[BlackClock "0:00:09"]

1. Nf3 Nf6 2. g3 b5 3. Bg2 Bb7 4. O-O e6 5. d3 d5 6. a4 b4 7. Nbd2 Be7 8. e4 dxe4 9. Ng5 O-O 10. Ngxe4 Nxe4 11. Nxe4 Qc8 12. a5 Na6 13. Qh5 Rd8 14. Bf4 h6 15. Rfe1 Rd5 16. Qe2 Rd7 17. Qh5 Rd5 18. Qe2 c5 19. b3 Nc7 20. Nd2 Nb5 21. Bxd5 Bxd5 22. Qg4 Kh7 23. Be3 Bf6 24. Rac1 Nc3 25. Ne4 Qd8 26. Bxc5 Rc8 27. Bxa7 Na2 28. Bb6 Qe7 29. Nxf6+ gxf6 30. Ra1 Rxc2 31. Qd1 Bxb3 32. Qg4 f5 33. Qd4 Nc3 34. a6 Bd5 35. a7 Ba8 36. Bc5 Qb7 37. Re4 fxe4 38. Bf8 Ne2+ 39. Kf1 Nxd4 0-1


[Site "https://www.chess.com"]

[Event "Titled Tuesday Blitz March 07 Early 2023"]
[White "Preotu, Razvan"]
[Black "Walentukiewicz, Michal"]
[WhiteFideId "2613280"]
[BlackFideId "1126903"]
[WhiteElo "2407"]
[BlackElo "2028"]
[Result "0-1"]
[Round "04"]
[TimeControl "180+2"]
[Date "2023.03.07"]
[WhiteClock "0:00:03"]
[BlackClock "0:00:20"]

1. e4 c5 2. Nf3 g6 3. d4 Bg7 4. c3 cxd4 5. cxd4 Nf6 6. Nc3 O-O 7. Bd3 d6 8. h3 e5 9. d5 Na6 10. Be3 Ne8 11. O-O f5 12. Bg5 Bf6 13. Bh6 Bg7 14. Bxg7 Nxg7 15. a3 Nc5 16. Bc2 f4 17. b4 Nd7 18. Bd3 g5 19. Nh2 h5 20. Rc1 Nf6 21. Nb5 g4 22. Nc7 Rb8 23. hxg4 hxg4 24. Qb3 Qe7 25. Ne6 Nxe6 26. dxe6 Bxe6 27. Bc4 Rbe8 28. Rfd1 Kg7 29. Bxe6 Qxe6 30. Rc7+ Rf7 31. Rxf7+ Kxf7 32. Qa4 Nxe4 33. Qxa7 Re7 34. Qb6 g3 35. fxg3 fxg3 36. Nf3 Qh6 37. Rf1 Ke6 38. Re1 Rh7 39. Kf1 Rf7 40. Rxe4 Qh1+ 41. Qg1 Rxf3+ 42. gxf3 Qxf3+ 43. Ke1 Qxe4+ 44. Kd1 Qf3+ 0-1


[Site "https://www.chess.com"]

[Event "Titled Tuesday Blitz March 07 Early 2023"]
[White "Mohammed, Dilshad"]
[Black "Kowalczyk, Pawel"]
[WhiteFideId "5050421"]
[BlackFideId "1130641"]
[WhiteElo "2112"]
[BlackElo "2324"]
[Result "0-1"]
[Round "04"]
[TimeControl "180+2"]
[Date "2023.03.07"]
[WhiteClock "0:00:32"]
[BlackClock "0:00:56"]

1. Nf3 Nf6 2. c4 g6 3. Nc3 Bg7 4. e4 d6 5. d4 O-O 6. Be2 e5 7. O-O exd4 8. Nxd4 Nc6 9. Nxc6 bxc6 10. Bf3 Nd7 11. Bf4 Rb8 12. Rb1 Re8 13. Qd2 Nc5 14. Rfe1 Ne6 15. Be3 c5 16. b3 Nd4 17. Bxd4 cxd4 18. Ne2 c5 19. b4 Be6 20. Rec1 Qh4 21. g3 Bh6 22. Qd3 Qf6 23. Rd1 Rb6 24. bxc5 dxc5 25. Rxb6 axb6 26. Bg2 Qd8 27. f4 Qa8 28. f5 Bd7 29. e5 Qxa2 30. e6 Ba4 31. exf7+ Kxf7 32. fxg6+ hxg6 33. Bd5+ Kg7 34. Rf1 Bc2 35. Rf7+ Kh8 36. Qf3 Bf5 37. Rxf5 Qb1+ 38. Kg2 Qxf5 39. Nf4 Bxf4 40. gxf4 Re3 41. Qf2 Qg4+ 42. Kf1 Qd1+ 43. Kg2 Re2 0-1


[Site "https://www.chess.com"]

[Event "Titled Tuesday Blitz March 07 Early 2023"]
[White "Matinian, Nikita"]
[Black "Abdilkhair, Abilmansur"]
[WhiteFideId "24129100"]
[BlackFideId "13716417"]
[WhiteElo "2422"]
[BlackElo "2216"]
[Result "1-0"]
[Round "04"]
[TimeControl "180+2"]
[Date "2023.03.07"]
[WhiteClock "0:00:51"]
[BlackClock "0:00:04"]

1. d4 Nf6 2. Nf3 e6 3. Bf4 Be7 4. Nbd2 O-O 5. e4 d5 6. e5 Nfd7 7. c3 c5 8. h4 cxd4 9. Nxd4 Nc6 10. Nxc6 bxc6 11. h5 h6 12. Qg4 f5 13. Qg6 Rf7 14. Qxe6 Qb6 15. Qg6 Nf8 16. Qg3 Qxb2 17. Rb1 Qxa2 18. Bd3 Ba6 19. O-O Bxd3 20. Qxd3 Ne6 21. g3 Qa3 22. Rb3 Qc5 23. Rfb1 Re8 24. Rb4 Qa5 25. Nb3 Qd8 26. Ra4 Nc5 27. Nxc5 Bxc5 28. e6 Rxe6 29. Rb8 Qxb8 30. Bxb8 Rb7 31. Bf4 Rb2 32. Rd4 Bxd4 33. cxd4 Re4 34. Be3 a5 35. Qa6 Rc2 36. Qc8+ Kh7 37. Qxf5+ Kg8 38. Qg6 a4 39. Bxh6 Re7 40. Qxc2 gxh6 41. Qxa4 Re6 42. Qa7 Rf6 43. Qe7 Rf7 44. Qe6 Kg7 45. Qg6+ Kf8 46. Qxh6+ Ke7 47. Qxc6 Rf6 48. Qxd5 1-0


[Site "https://www.chess.com"]